 Dungeon Crawl Stone Soup version 0.28-a0-1555-g9ae15a6949 (webtiles) character file.

Game seed: 10928114979738571068

9 gaukoo the Chiller (level 2, 18/19 HPs)
             Began as a Human Ice Elementalist on Jan 18, 2022.
             Quit the game on level 1 of the Dungeon.
             The game lasted 00:09:09 (463 turns).

gaukoo the Chiller (Human Ice Elementalist)          Turns: 463, Time: 00:09:10

Health: 18/19      AC:  2    Str:  8    XL:     2   Next: 20%
Magic:  5/5        EV: 12    Int: 15    God:
Gold:   20         SH:  0    Dex: 13    Spells: 4/5 levels left

rFire   + . .      SeeInvis .   d - +0 spear
rCold   + . .      Faith    .   (no shield)
rNeg    . . .      Spirit   .   a - +0 robe
rPois   .          Reflect  .   (no helmet)
rElec   .          Harm     .   b - scarf {rC+ rF+}
rCorr   .          Rampage  .   (no gloves)
Will    .....                   (no boots)
Stlth   ++........              (no amulet)
HPRegen 0.06/turn               (no ring)
MPRegen 0.09/turn               (no ring)

@: no status effects
A: no striking features
a: no special abilities


You were on level 1 of the Dungeon.
You visited 1 branch of the dungeon, and saw 1 of its levels.

You collected 20 gold pieces.

Inventory:

Hand Weapons
 c - a +0 hand axe
 d - a +0 spear (weapon)
 f - a +0 dagger
 l - a +0 short sword
Missiles
 i - 16 stones
 k - 6 atropa-tipped darts
Armour
 a - a +0 robe (worn)
 b - a scarf of resistance (worn)
 e - a +0 scale mail
 m - a +0 robe
Scrolls
 g - a scroll of identify (quivered) {unknown}
 h - a scroll of torment {unknown}
Potions
 j - a potion of curing {unknown}


   Skills:
 + Level 0.1 Axes
 + Level 2.0 Dodging
 + Level 2.0 Stealth
 + Level 2.0 Spellcasting
 + Level 4.4 Ice Magic


You had 4 spell levels left.
You knew the following spells:

 Your Spells              Type           Power      Damage    Failure   Level
a - Freeze                Ice            56%        1d7       3%          1

Your spell library contained the following spells:

 Spells                   Type           Power      Damage    Failure   Level
 Frozen Ramparts          Ice            28%        1d4       11%         3
 Ozocubu's Armour         Ice            14%        N/A       11%         3
 Hailstorm                Conj/Ice       8%         3d4       65%         4


Dungeon Overview and Level Annotations

Branches:
Dungeon (1/15)

Altars:


Message History

Casting: Freeze (safe; 3% risk of failure)
Confirm with . or Enter, or press ? or * to list all spells.
You don't know that spell.
Press: ? - help, v - describe, . - travel The floor.
Unknown command.
Reach: d) +0 spear
Press: ? - help, Dir - move target You swing at nothing.
g - a scroll labelled LAEPPI ATANLAS
There are no items here.
You open the door.
Found 6 atropa-tipped darts.
Found a stone staircase leading down.
There is an open door here.
You see here 6 atropa-tipped darts.
k - 6 atropa-tipped darts You see here a +0 short sword.
l - a +0 short sword You see here a +0 robe.
m - a +0 robe You open the door.
There is an open door here.
You open the door.
There is an open door here.
You open the door.
An endoplasm comes into view.
The endoplasm quivers.
You hit the endoplasm.
The endoplasm is almost dead.
The endoplasm hits you.
You hit the endoplasm.
You kill the endoplasm!
There is an open door here.
Found 17 arrows.
You see here 17 arrows.
You see here 17 arrows.
Saving game... please wait.
Welcome back, gaukoo the Human Ice Elementalist.
Press ? for a list of commands and other information.
Are you sure you want to abandon this character and quit the game? (Confirm with "yes".)

###### .....#
.....####
.>...'..##########
.....##.#........#
#..####.#.######@#
#..# #.#.# #.#
#..# #.#.# #.#
...####.#.# #.#
..#...#.#.# #.#
..#...#.#.# #..
..#...#.#.# ###
..'...'.#.#
#.#...###.#


There were no monsters in sight!

Vanquished Creatures
  2 endoplasms (D:1)
  A giant cockroach (D:1)
  A goblin (D:1)
  2 ball pythons (D:1)
  A bat (D:1)
  A frilled lizard (D:1)
8 creatures vanquished.

Notes
Turn   | Place    | Note
-------+----------+-------------------------------------------
     0 | D:1      | gaukoo the Human Ice Elementalist began the quest for the
                  | Orb.
     0 | D:1      | Reached XP level 1. HP: 13/13 MP: 3/3
   191 | D:1      | Found a faded altar of an unknown god.
   252 | D:1      | Reached XP level 2. HP: 13/19 MP: 5/5
   463 | D:1      | Quit the game

Illustrated notes

Levels and vault maps discovered:
D:1:      co_arrival_square_in_a_square_in_a_square, layout_basic,
          hellmonk_ecumenical_altar_slurped_away, serial_shops,
          nicolae_shop_hallway_stairs

Action                   || total
-------------------------++-------
Melee: Hand axe          ||    14
       Spear             ||     4
  Use: Scroll            ||     1
 Stab: Sleeping          ||     1
Dodge: Dodged            ||    14

Table legend: (Time is in decaauts)
 A = Elapsed time spent in this place.
 B = Non-inter-level travel time spent in this place.
 C = Inter-level travel time spent in this place.
 D = Time resting spent in this place.
 E = Time spent auto-exploring this place.
 F = Levels seen in this place.
 G = Mean time per level.
                   A        B        C        D        E       F      G
               +--------+--------+--------+--------+--------+-----+--------+
         Total |    466 |    466 |      0 |      0 |    107 |   1 |  466.0 |
       Dungeon |    466 |    466 |      0 |      0 |    107 |   1 |  466.0 |
               +--------+--------+--------+--------+--------+-----+--------+

Top non-repeatable levels by time:
     D:1: 466 daAuts
